% Time on Ice - KELOWNA ROCKETS
Lines # - Real PCT - Wanted PCT - Time Play
Normal Forward
1 - 34% - 36% - 17:38
2 - 34% - 36% - 17:57
3 - 20% - 23% - 10:19
4 - 12% - 5% - 6:14
Normal Defense
1 - 20% - 36% - 10:38
2 - 36% - 28% - 18:47
3 - 17% - 20% - 8:43
4 - 27% - 16% - 14:00
PP Forward
1 - 46% - 75% - 2:07
2 - 54% - 25% - 2:32
PP Defense
1 - 59% - 75% - 2:44
2 - 41% - 25% - 1:55
PK Forward
1 - 68% - 55% - 1:21
2 - 32% - 45% - 0:38
PK Defense
1 - 41% - 55% - 0:49
2 - 59% - 45% - 1:10
PK3 Forward
1 - 0% - 55%
2 - 0% - 45%
PK3 Defense
1 - 0% - 55%
2 - 0% - 45%
44 Forward
1 - 8% - 50% - 0:06
2 - 92% - 50% - 1:08
44 Defense
1 - 8% - 50% - 0:06
2 - 92% - 50% - 1:08
Last Minute Offensive  - 0:00
Last Minute Defensive  - 0:00
Total
Forward - 60:00
Defense - 60:00
% Time on Ice - REGINA FALCONS
Lines # - Real PCT - Wanted PCT - Time Play
Normal Forward
1 - 35% - 35% - 18:13
2 - 32% - 32% - 16:31
3 - 19% - 19% - 9:57
4 - 14% - 14% - 7:27
Normal Defense
1 - 35% - 38% - 18:08
2 - 35% - 35% - 18:10
3 - 26% - 27% - 13:48
4 - 4% - 0% - 2:02
PP Forward
1 - 50% - 55% - 0:59
2 - 50% - 45% - 1:00
PP Defense
1 - 50% - 55% - 0:59
2 - 50% - 45% - 1:00
PK Forward
1 - 62% - 55% - 2:53
2 - 38% - 45% - 1:46
PK Defense
1 - 49% - 55% - 2:17
2 - 51% - 45% - 2:22
PK3 Forward
1 - 0% - 55%
2 - 0% - 45%
PK3 Defense
1 - 0% - 55%
2 - 0% - 45%
44 Forward
1 - 78% - 55% - 0:58
2 - 22% - 45% - 0:16
44 Defense
1 - 78% - 55% - 0:58
2 - 22% - 45% - 0:16
Last Minute Offensive  - 0:00
Last Minute Defensive  - 0:00
Total
Forward - 60:00
Defense - 60:00
Play-by-Play 1st period 0:01 of 1st period - Evgeny Kuznetsov wins face-off versus Boone Jenner in neutral zone. 0:06 of 1st period - Shot by Alexander Ovechkin. 0:06 of 1st period - Stopped by Anton Khudobin without a rebound. 0:07 of 1st period - Jonathan Miller wins face-off versus Auston Matthews in REGINA FALCONS zone. 0:07 of 1st period - Jonathan Miller is hit by James van Riemsdyk. 1:29 of 1st period - Icing by Evgeny Kuznetsov. 1:30 of 1st period - Evgeny Kuznetsov wins face-off versus Frederick Gaudreau in KELOWNA ROCKETS zone. 3:02 of 1st period - Shot by Boone Jenner. 3:02 of 1st period - Stopped by Tuukka Rask without a rebound. 3:03 of 1st period - Auston Matthews wins face-off versus Brian Gibbons in KELOWNA ROCKETS zone. 3:22 of 1st period - Shot by Vladimir Tarasenko. 3:22 of 1st period - Shot Blocked by Ryan Murray. 3:24 of 1st period - Shot by Vladimir Tarasenko. 3:24 of 1st period - Stopped by Anton Khudobin without a rebound. 3:25 of 1st period - Nazem Kadri wins face-off versus Matthew Peca in REGINA FALCONS zone. 3:43 of 1st period - Jordan Eberle is hit by Joel Edmundson and loses puck. 3:55 of 1st period - Shot by Jordan Eberle. 3:55 of 1st period - Stopped by Anton Khudobin without a rebound. 3:56 of 1st period - Anthony Cirelli wins face-off versus David Pastrnak in REGINA FALCONS zone. 4:01 of 1st period - Shot by Pavel Buchnevich. 4:01 of 1st period - Shot Misses the Net. 4:38 of 1st period - Icing by Ron Hainsey. 4:39 of 1st period - Boone Jenner wins face-off versus Auston Matthews in REGINA FALCONS zone. 4:53 of 1st period - Shot by Vladimir Tarasenko. 4:53 of 1st period - Stopped by Anton Khudobin without a rebound. 4:54 of 1st period - Brian Gibbons wins face-off versus Evgeny Kuznetsov in REGINA FALCONS zone. 4:54 of 1st period - Brian Gibbons is hit by Alexander Ovechkin. 4:57 of 1st period - Icing by Ryan Murray. 4:58 of 1st period - Vladimir Tarasenko wins face-off versus Brian Gibbons in REGINA FALCONS zone. 5:07 of 1st period - Shot by James van Riemsdyk. 5:07 of 1st period - Shot Misses the Net. 5:09 of 1st period - Shot by Nikita Zadorov. 5:09 of 1st period - Shot Blocked by Blake Comeau. 5:35 of 1st period - Shot by Auston Matthews. 5:35 of 1st period - Shot Misses the Net. 5:48 of 1st period - Icing by Ryan Murray. 5:49 of 1st period - Alexander Ovechkin wins face-off versus Brian Gibbons in REGINA FALCONS zone. 6:27 of 1st period - Shot by Tyler Bertuzzi. 6:27 of 1st period - Shot Misses the Net. 6:29 of 1st period - Shot by Drew Doughty. 6:29 of 1st period - Stopped by Anton Khudobin without a rebound. 6:30 of 1st period - Anthony Cirelli wins face-off versus Frederick Gaudreau in REGINA FALCONS zone. 7:20 of 1st period - Vladimir Tarasenko is hit by Frederick Gaudreau and loses puck. 7:26 of 1st period - Icing by Dmitri Orlov. 7:27 of 1st period - Auston Matthews wins face-off versus Nazem Kadri in KELOWNA ROCKETS zone. 8:01 of 1st period - Shot by Vladimir Tarasenko. 8:01 of 1st period - Stopped by Anton Khudobin without a rebound. 8:02 of 1st period - Evgeny Kuznetsov wins face-off versus Boone Jenner in REGINA FALCONS zone. 8:05 of 1st period - Shot by Alexander Ovechkin. 8:05 of 1st period - Stopped by Anton Khudobin without a rebound. 8:06 of 1st period - Evgeny Kuznetsov wins face-off versus Boone Jenner in REGINA FALCONS zone. 8:09 of 1st period - Shot by Alexander Ovechkin. 8:09 of 1st period - Shot Blocked by Boone Jenner. 8:17 of 1st period - Shot by Alexander Ovechkin. 8:17 of 1st period - Shot Misses the Net. 8:19 of 1st period - Shot by Drew Doughty. 8:19 of 1st period - Stopped by Anton Khudobin without a rebound. 8:20 of 1st period - Nazem Kadri wins face-off versus Auston Matthews in REGINA FALCONS zone. 8:20 of 1st period - Nazem Kadri is hit by Vladimir Tarasenko. 8:35 of 1st period - Shot by Auston Matthews. 8:35 of 1st period - Shot Misses the Net. 8:37 of 1st period - Shot by Auston Matthews. 8:37 of 1st period - Stopped by Anton Khudobin without a rebound. 8:38 of 1st period - Alexander Ovechkin wins face-off versus David Pastrnak in REGINA FALCONS zone. 8:41 of 1st period - Shot by Evgeny Kuznetsov. 8:41 of 1st period - Stopped by Anton Khudobin without a rebound. 8:42 of 1st period - Boone Jenner wins face-off versus Alexander Ovechkin in REGINA FALCONS zone. 9:04 of 1st period - Icing by David Pastrnak. 9:05 of 1st period - Boone Jenner wins face-off versus Anthony Cirelli in REGINA FALCONS zone. 9:16 of 1st period - Shot by Boone Jenner. 9:16 of 1st period - Stopped by Tuukka Rask without a rebound. 9:17 of 1st period - Evgeny Kuznetsov wins face-off versus Nazem Kadri in KELOWNA ROCKETS zone. 9:24 of 1st period - Shot by Alexander Ovechkin. 9:24 of 1st period - Stopped by Anton Khudobin without a rebound. 9:25 of 1st period - Evgeny Kuznetsov wins face-off versus Boone Jenner in REGINA FALCONS zone. 10:30 of 1st period - Shot by Vladimir Tarasenko. 10:30 of 1st period - Stopped by Anton Khudobin without a rebound. 10:31 of 1st period - Frederick Gaudreau wins face-off versus Auston Matthews in REGINA FALCONS zone. 11:28 of 1st period - Minor Penalty to Brady Tkachuk for Tripping. 11:29 of 1st period - Nick Bjugstad wins face-off versus Brian Gibbons in REGINA FALCONS zone. 11:32 of 1st period - Shot by Nick Bjugstad. 11:32 of 1st period - Deflect By Pavel Buchnevich. 11:32 of 1st period - Stopped by Anton Khudobin without a rebound. 11:33 of 1st period - Pavel Buchnevich wins face-off versus Brian Gibbons in REGINA FALCONS zone. 11:42 of 1st period - Shot by Nick Bjugstad. 11:42 of 1st period - Shot Blocked by Sami Vatanen. 11:49 of 1st period - Icing by Nick Bjugstad. 11:50 of 1st period - Frederick Gaudreau wins face-off versus Nick Bjugstad in KELOWNA ROCKETS zone. 11:51 of 1st period - Shot by Brandon Saad. 11:51 of 1st period - Stopped by Tuukka Rask without a rebound. 11:52 of 1st period - Vladimir Tarasenko wins face-off versus Frederick Gaudreau in KELOWNA ROCKETS zone. 12:07 of 1st period - Shot by Evgeny Kuznetsov. 12:07 of 1st period - Stopped by Anton Khudobin without a rebound. 12:08 of 1st period - Nick Bjugstad wins face-off versus Brian Gibbons in REGINA FALCONS zone. 12:29 of 1st period - Shot by Nick Bjugstad. 12:29 of 1st period - Shot Misses the Net. 13:15 of 1st period - Shot by Alexander Ovechkin. 13:15 of 1st period - Stopped by Anton Khudobin with a rebound. 13:22 of 1st period - Shot by Evgeny Kuznetsov. 13:22 of 1st period - Stopped by Anton Khudobin without a rebound. 13:23 of 1st period - Evgeny Kuznetsov wins face-off versus Frederick Gaudreau in REGINA FALCONS zone. 14:30 of 1st period - Shot by Alexander Ovechkin. 14:30 of 1st period - Stopped by Anton Khudobin without a rebound. 14:31 of 1st period - Anthony Cirelli wins face-off versus David Pastrnak in REGINA FALCONS zone. 14:44 of 1st period - Marcus Pettersson is hit by Max Pacioretty and loses puck. 14:55 of 1st period - Shot by Boone Jenner. 14:55 of 1st period - Shot Misses the Net. 15:11 of 1st period - Shot by Max Pacioretty. 15:11 of 1st period - Stopped by Tuukka Rask with a rebound. 15:13 of 1st period - Shot by Boone Jenner. 15:13 of 1st period - Stopped by Tuukka Rask without a rebound. 15:14 of 1st period - Auston Matthews wins face-off versus Frederick Gaudreau in KELOWNA ROCKETS zone. 15:19 of 1st period - Shot by Auston Matthews. 15:19 of 1st period - Goal by Auston Matthews - KELOWNA ROCKETS : 1 - REGINA FALCONS : 0. 15:20 of 1st period - Evgeny Kuznetsov wins face-off versus Frederick Gaudreau in neutral zone. 15:25 of 1st period - Frederick Gaudreau is hit by Tyler Bertuzzi and loses puck. 15:32 of 1st period - Shot by Tyler Bertuzzi. 15:32 of 1st period - Stopped by Anton Khudobin without a rebound. 15:33 of 1st period - Nazem Kadri wins face-off versus Auston Matthews in REGINA FALCONS zone. 15:54 of 1st period - Jonathan Miller is hit by Dmitri Orlov and loses puck. 16:57 of 1st period - David Pastrnak is hit by Evgeny Kuznetsov and loses puck. 17:17 of 1st period - Icing by Ron Hainsey. 17:18 of 1st period - Boone Jenner wins face-off versus Anthony Cirelli in REGINA FALCONS zone. 17:41 of 1st period - Shot by Anthony Cirelli. 17:41 of 1st period - Shot Misses the Net. 17:43 of 1st period - Shot by Anthony Cirelli. 17:43 of 1st period - Shot Blocked by Ron Hainsey. 17:45 of 1st period - Shot by Anthony Cirelli. 17:45 of 1st period - Shot Blocked by Marc-Edouard Vlasic. 17:47 of 1st period - Shot by Pavel Buchnevich. 17:47 of 1st period - Stopped by Anton Khudobin without a rebound. 17:48 of 1st period - Brian Gibbons wins face-off versus Auston Matthews in REGINA FALCONS zone. 18:31 of 1st period - Shot by Auston Matthews. 18:31 of 1st period - Stopped by Anton Khudobin with a rebound. 18:38 of 1st period - Icing by Brian Gibbons. 18:39 of 1st period - Evgeny Kuznetsov wins face-off versus Matt Martin in REGINA FALCONS zone. 18:48 of 1st period - Shot by Evgeny Kuznetsov. 18:48 of 1st period - Shot Misses the Net. 19:31 of 1st period - Icing by Filip Hronek. 19:32 of 1st period - Anthony Cirelli wins face-off versus Nazem Kadri in REGINA FALCONS zone. 19:45 of 1st period - Shot by Nick Bjugstad. 19:45 of 1st period - Stopped by Anton Khudobin with a rebound. 19:47 of 1st period - Shot by Anthony Cirelli. 19:47 of 1st period - Shot Misses the Net. 19:49 of 1st period - Shot by Anthony Cirelli. 19:49 of 1st period - Shot Misses the Net. Goals for this period are 1 for KELOWNA ROCKETS vs 0 for REGINA FALCONS. Shots for this period are 22 for KELOWNA ROCKETS vs 5 for REGINA FALCONS. 2nd period 0:01 of 2nd period - Boone Jenner wins face-off versus Vladimir Tarasenko in neutral zone. 0:23 of 2nd period - Shot by David Pastrnak. 0:23 of 2nd period - Stopped by Tuukka Rask without a rebound. 0:24 of 2nd period - Evgeny Kuznetsov wins face-off versus Frederick Gaudreau in KELOWNA ROCKETS zone. 0:36 of 2nd period - Brandon Saad is hit by Tyler Bertuzzi and loses puck. 0:45 of 2nd period - Shot by Valeri Nichushkin. 0:45 of 2nd period - Stopped by Tuukka Rask with a rebound. 1:30 of 2nd period - Shot by David Pastrnak. 1:30 of 2nd period - Shot Misses the Net. 1:32 of 2nd period - Shot by Ron Hainsey. 1:32 of 2nd period - Stopped by Tuukka Rask with a rebound. 1:34 of 2nd period - Shot by Ron Hainsey. 1:34 of 2nd period - Stopped by Tuukka Rask without a rebound. 1:35 of 2nd period - Anthony Cirelli wins face-off versus Nazem Kadri in KELOWNA ROCKETS zone. 1:48 of 2nd period - Shot by Anthony Cirelli. 1:48 of 2nd period - Deflect By Pavel Buchnevich. 1:48 of 2nd period - Shot Blocked by Filip Hronek. 1:59 of 2nd period - Icing by Nikita Zadorov. 2:00 of 2nd period - Anthony Cirelli wins face-off versus Boone Jenner in KELOWNA ROCKETS zone. 2:21 of 2nd period - Shot by David Pastrnak. 2:21 of 2nd period - Shot Blocked by Dmitri Orlov. 2:21 of 2nd period - Dmitri Orlov from KELOWNA ROCKETS is injured at 2:21 of 2nd period (Right Hip). 2:22 of 2nd period - Auston Matthews wins face-off versus Nazem Kadri in KELOWNA ROCKETS zone. 2:33 of 2nd period - Shot by Vladimir Tarasenko. 2:33 of 2nd period - Stopped by Anton Khudobin without a rebound. 2:34 of 2nd period - David Pastrnak wins face-off versus Tyler Bertuzzi in REGINA FALCONS zone. 2:44 of 2nd period - Icing by Evgeny Kuznetsov. 2:45 of 2nd period - Evgeny Kuznetso